 Dungeon Crawl Stone Soup version 0.31.0-32-g396128a36d (webtiles) character file.

Game seed: 11241961588006398849

5530 FexLirch the Firebug (level 10, -4/66 HPs)
             Began as an Octopode Fire Elementalist on Mar 11, 2024.
             Was an Initiate of Gozag.
             Slain by a wyvern (19 damage)
             ... on level 8 of the Dungeon.
             The game lasted 00:28:18 (9829 turns).

FexLirch the Firebug (Octopode Fire Elementalist)   Turns: 9829, Time: 00:28:19

Health: -4/66      AC:  1    Str:  8    XL:     10   Next: 71%
Magic:  11/17      EV: 15    Int: 20    God:    Gozag
Gold:   256        SH:  5    Dex: 14    Spells: 2/18 levels left

rFire   + . .        j - +8 storm bow {elec, penet}
rCold   x . .        (shield currently unavailable)
rNeg    + . .        (helmet restricted)
rPois   .            v - amulet of reflection
rElec   .            i - ring of positive energy
rCorr   .            y - ring of fire
SInv    .            c - ring of flight
Will    .....        (no ring)
Stlth   ++++         (no ring)
HPRegen 0.31/turn    (no ring)
MPRegen 0.15/turn    (no ring)
                     (no ring)

%: reflection
@: flying
A: almost no armour, amphibious, 8 rings, camouflage 1, gelatinous body 1,
(nimble swimmer 1), tentacles
a: Renounce Religion, Potion Petition, Call Merchant, Bribe Branch


You were on level 8 of the Dungeon.
You worshipped Gozag.
Gozag was aware of your devotion.
You visited 2 branches of the dungeon, and saw 10 of its levels.

You collected 1098 gold pieces.
You spent 758 gold pieces at shops.
You paid 84 gold pieces to Gozag.

Inventory:

Hand Weapons
 d - a +0 short sword
 f - a +1 long sword of holy wrath
 j - the +8 storm bow (weapon) {elec, penet}
   (You bought it in a shop on level 3 of the Dungeon)
 D - a +1 dagger of venom
 E - a +2 dagger of freezing
 I - a +0 sling
Missiles
 q - 28 poisoned darts
 s - 6 javelins
 z - 4 curare-tipped darts
 F - a boomerang
Armour
 B - a +1 kite shield of resistance
Jewellery
 c - a ring of flight (on tentacle)
 i - a ring of positive energy (left tentacle)
 v - an amulet of reflection (around mantle)
 y - a ring of fire (right tentacle)
 J - a ring of ice
Wands
 n - a wand of light (1)
 r - a wand of flame (32)
Scrolls
 e - a scroll of vulnerability {unknown}
 o - 3 scrolls of teleportation
 t - a scroll of blinking
 u - a scroll of enchant armour {unknown}
 C - a scroll of revelation
 G - 3 scrolls of poison
Potions
 a - a potion of magic
 b - 5 potions of curing
 g - a potion of experience {unknown}
 h - a potion of enlightenment {unknown}
 k - a potion of haste
 l - a potion of berserk rage {unknown}
 m - 3 potions of brilliance
 p - a potion of might {unknown}
 w - a potion of attraction {unknown}
 x - a potion of cancellation {unknown}
 A - 3 potions of lignification
 H - a potion of resistance {unknown}
 K - a potion of heal wounds {unknown}


   Skills:
 + Level 5.3 Fighting
 * Level 5.4 Ranged Weapons
 + Level 5.7 Dodging
 - Level 5.0 Stealth
 - Level 4.9 Spellcasting
 - Level 6.9 Conjurations
 + Level 4.7 Translocations
 - Level 7.6 Fire Magic


You had 2 spell levels left.
You knew the following spells:

 Your Spells              Type           Power      Damage    Failure   Level
a - Foxfire               Conj/Fire      100%       2x1d9     1%          1
b - Scorch                Fire           100%       2d9       1%          2
c - Volatile Blastmotes   Fire/Tloc      88%        2d17      2%          3
d - Flame Wave            Conj/Fire      50%        2d12      6%          4
e - Gell's Gravitas       Tloc           23%        N/A       4%          3
f - Teleport Other        Tloc           23%        N/A       4%          3

Your spell library contained the following spells:

 Spells                   Type           Power      Damage    Failure   Level
 Lesser Beckoning         Tloc           46%        N/A       2%          2
 Freeze                   Ice            16%        1d4       12%         1
 Sublimation of Blood     Necr           4%         N/A       19%         2
 Inner Flame              Hex/Fire       30%        N/A       8%          3
 Hailstorm                Conj/Ice       18%        3d7       9%          3
 Frozen Ramparts          Ice            8%         1d2       34%         3
 Irradiate                Conj/Alch      9%         3d14      61%         5
 Petrify                  Alch/Erth      4%         N/A       75%         4


Dungeon Overview and Level Annotations

Branches:
Dungeon (9/15)             Temple (1/1) D:5            Lair (0/5) D:8
    Orc: D:9-12

Altars:
Ashenzari
Cheibriados
Dithmenos
Fedhas
Gozag
Hepliaklqana
Kikubaaqudgha
Nemelex Xobeh
Okawaru
Qazlal
Ru
Sif Muna
Trog
Xom
Yredelemnul
Zin
The Shining One

Shops:
D:2 =   D:3 *=?([   D:6 *

Annotations:
D:3 1 runed translucent door


Innate Abilities, Weirdness & Mutations

You cannot wear most types of armour.
You are amphibious.
You can wear up to eight rings at the same time.
Your skin changes colour to match your surroundings (Stealth+).
Your rubbery body absorbs attacks. (AC +1, EV +1)
((You are camouflaged when in or above water. (Stealth+)))
You have tentacles for arms and can constrict up to eight enemies at once.


Message History

The foxfire hits the wyvern.
The wyvern is moderately wounded.
The wyvern closely misses you.
The centaur warrior shoots an arrow.
The arrow hits you!!
Blink to where?
Press: ? - help, Dir - move target
As you read the scroll labelled FAVISE FA ZIETH, it crumbles to dust.
It was a scroll of blinking.
There is a stone staircase leading up here.
You fly upwards.
Reactivating autopickup.
There is a stone staircase leading down here.
You start resting.
Magic restored.
HP restored.
You fly downwards.
The centaur warrior shoots an arrow.
The arrow hits you! The wyvern bites you! x2
* * * LOW HITPOINT WARNING * * *
There is a stone staircase leading up, spattered with blood here.
The wyvern barely misses you.
The centaur warrior shoots an arrow.
You block the arrow with an invisible shield... and reflect it back!
The arrow hits the centaur warrior!
The wyvern bites you.
* * * LOW HITPOINT WARNING * * *
You fly upwards.
There is a stone staircase leading down here.
Casting: Foxfire (safe; 1% risk of failure)
Confirm with . or Enter, or press ? or * to list all spells.
Aiming: Teleport Other (dangerous; 4% risk of failure)
Press: ? - help, Shift-Dir - straight line, f - wyvern
Aim: a wyvern (chance to affect: 62%)
The wyvern resists with significant effort.
The wyvern closely misses you.
Casting: Teleport Other (dangerous; 4% risk of failure)
Confirm with . or Enter, or press ? or * to list all spells.
Aiming: Teleport Other (dangerous; 4% risk of failure)
Press: ? - help, Shift-Dir - straight line, f/p - wyvern
Aim: a wyvern (chance to affect: 62%)
The wyvern looks slightly unstable.
The wyvern bites you!!
You die...
Your body crumbles into a pile of gold.

#.###....##.......######
###.####......#..<..## ######
##..#.......###.###..# ###..).#
##.#....#...###.# ##.###...##.#
##.......#......# #.....####.#
#........#.#..### ##...#####)#
#........#.#### ###......##)###
#.......>#.########.......#..)...
#..............k@....####.#......
.........##.#######...###.#......
.........##.#### #..#..##.#......
#.####.####....# ###.....####....
#.# #.# ####.###.........##...<
..# #.#######..#...........#)...
.### #.........#..........P.#....
)..# #.#####..............PP#....
.).###...# #...^........>.PP#....


You could see a wyvern (teleporting).

Vanquished Creatures
  An unseen horror (D:6)
  A komodo dragon (D:8)
  The ghost of spaghetti the Slasher, an amateur NaCK of Xom (D:4)
  2 wyverns
  Grum (D:8)
  A steam dragon (D:6)
  A water moccasin (D:8)
  The ghost of bob3 the Poker, an amateur OnGl (D:3)
  2 orc warriors (D:8)
  A black bear (D:6)
  4 ice beasts
  An ogre (D:4)
  A boggart (D:9)
  4 wolves (D:8)
  3 centaurs
  3 kobold brigands
  6 bullfrogs
  A scorpion (D:5)
  5 wights (D:7)
  10 killer bees
  5 howler monkeys
  9 crimson imps (D:6)
  2 bombardier beetles (D:5)
  A jelly (D:6)
  An orc priest (D:5)
  A gnoll bouda (D:8)
  4 hounds
  2 sleepcaps (D:5)
  2 iguanas (D:5)
  3 orc wizards
  Ijyb (D:3)
  5 gnolls (D:8)
  10 adders
  2 white imps
  4 ufetubi (D:7)
  3 ribbon worms (D:3)
  2 dart slugs
  19 orcs
  7 endoplasms
  4 giant cockroaches
  8 goblins
  6 hobgoblins
  2 jackals (D:1)
  5 quokkas
  7 ball pythons
  7 bats
  14 frilled lizards
  20 kobolds
  7 rats
213 creatures vanquished.

Vanquished Creatures (others)
  288 foxfires
288 creatures vanquished.

Grand Total: 501 creatures vanquished

Notes
Turn   | Place    | Note
-------+----------+-------------------------------------------
     0 | D:1      | FexLirch the Octopode Fire Elementalist began the quest for
                  | the Orb.
     0 | D:1      | Reached XP level 1. HP: 11/11 MP: 3/3
    98 | D:1      | Reached XP level 2. HP: 17/17 MP: 1/5
   106 | D:1      | Learned a level 2 spell: Scorch
   468 | D:1      | Reached XP level 3. HP: 22/22 MP: 3/6
  1233 | D:2      | Reached skill level 1 in Fighting
  1233 | D:2      | Reached XP level 4. HP: 28/28 MP: 4/7
  1344 | D:2      | Found Veryfone's Jewellery Emporium.
  1876 | D:3      | Found Zesups's Weapon Emporium.
  1876 | D:3      | Found Epa Yggi's Antique Armour Emporium.
  1968 | D:3      | Found Neris's Magic Scroll Boutique.
  2155 | D:3      | Noticed Ijyb
  2168 | D:3      | Killed Ijyb
  2169 | D:3      | Reached XP level 5. HP: 19/33 MP: 2/8
  2276 | D:3      | Identified the +1 helmet of Sorcery {Harm *Corrode Str+3}
  2331 | D:3      | Found a runed translucent door.
  2336 | D:3      | Noticed bob3's ghost (amateur OnGl)
  2352 | D:3      | Found a runed translucent door.
  2553 | D:3      | Found Womoq's Jewellery Shop.
  2576 | D:3      | Found Kiujips's Assorted Antiques.
  3104 | D:4      | Noticed an ogre
  3113 | D:4      | Killed an ogre
  3114 | D:4      | Reached skill level 4 in Fire Magic
  3146 | D:4      | Reached XP level 6. HP: 38/38 MP: 2/10
  3245 | D:4      | Reached skill level 1 in Ranged Weapons
  3589 | D:4      | Found a runed translucent door.
  3593 | D:4      | Noticed spaghetti's ghost (amateur NaCK)
  3783 | D:5      | Entered Level 5 of the Dungeon
  3822 | D:5      | Noticed an ice beast
  3830 | D:5      | Killed an ice beast
  3879 | D:5      | Found Kyalare's Antique Armour Shop.
  3891 | D:5      | Learned a level 3 spell: Volatile Blastmotes
  3896 | D:5      | Learned a level 4 spell: Flame Wave
  3924 | D:5      | Reached XP level 7. HP: 15/45 MP: 5/11
  4284 | D:5      | Reached skill level 1 in Translocations
  4356 | D:5      | Found a staircase to the Ecumenical Temple.
  4365 | Temple   | Entered the Ecumenical Temple
  4382 | Temple   | Became a worshipper of Gozag Ym Sagoz the Greedy
  4930 | D:5      | Reached skill level 5 in Fire Magic
  4986 | D:5      | Reached XP level 8. HP: 51/51 MP: 4/13
  5335 | D:6      | Reached skill level 5 in Stealth
  5564 | D:6      | Found Qetziu's Fire Supplies.
  5640 | D:3      | Killed bob3's ghost
  5964 | D:4      | Killed spaghetti's ghost
  5965 | D:4      | Reached skill level 5 in Conjurations
  6139 | D:7      | Reached skill level 6 in Fire Magic
  6139 | D:7      | Reached XP level 9. HP: 52/57 MP: 10/15
  6320 | D:7      | Found a stormy altar of Qazlal.
  7667 | D:8      | Noticed a komodo dragon
  7693 | D:8      | HP: 1/58 [shot self (9)]
  7693 | D:8      | Killed a komodo dragon
  7694 | D:8      | Reached skill level 7 in Fire Magic
  7694 | D:8      | Reached XP level 10. HP: 2/65 MP: 3/16
  8112 | D:8      | Reached skill level 5 in Dodging
  8221 | D:8      | Noticed Grum
  8234 | D:8      | Killed Grum
  8433 | D:8      | Found a staircase to the Lair.
  8727 | D:9      | Noticed a tengu warrior
  8822 | D:3      | Bought the +8 storm bow {elec, penet} for 758 gold pieces
  8822 | D:3      | Found the +8 storm bow {elec, penet}
  8827 | D:3      | Learned a level 3 spell: Gell's Gravitas
  8831 | D:3      | Learned a level 3 spell: Teleport Other
  9095 | D:6      | Reached skill level 5 in Fighting
  9362 | D:6      | Killed an unseen horror
  9363 | D:6      | Reached skill level 5 in Ranged Weapons
  9732 | D:9      | Noticed a centaur warrior
  9829 | D:8      | Slain by a wyvern

Illustrated notes

Levels and vault maps discovered:
D:1:      dpeg_arrival_tiny_a, layout_basic, serial_glass, glass_columns_a,
          glass_columns_b, due_unseen_surprise
D:2:      layout_loops_ring, serial_shops, nicolae_shop_gaudy_bauble,
          chequers_serial_rivers_large_b
D:3:      kennysheep_the_goblin_king, layout_loops_corners,
          ebering_ghost_sewer_f, serial_shops, nicolae_lakefront_shop,
          shop_statue, nicolae_shop_gaudy_bauble, shop, shop
D:4:      layout_cave_pools, ebering_ghost_sewer_d, hangedman_decor_peaks_small,
          uniq_ijyb
D:5:      layout_loops_cross, minmay_temple_entry_grid, serial_shops,
          nicolae_shop_advertising_works [nicolae_subvault_shop_adworks],
          minmay_lizard_king
D:6:      layout_basic, minmay_misc_feat_rows, nicolae_shop_fire_sale
          [nicolae_sub_dead_trees], minmay_nine_imps
D:7:      layout_loops_ring, grunt_qazlal_clouds
D:8:      layout_rooms, david_lair_shrubbed, uniq_grum
D:9:      minmay_the_grid_3x2 [minmay_the_grid_tri_star,
          minmay_the_grid_outer_circle, minmay_the_grid_garden,
          minmay_the_grid_spin_star, minmay_the_grid_pillar_ring,
          minmay_the_grid_prize_inner_circle], layout_cross,
          kennysheep_orc_monster_closet_entryway
Temple:   nicolae_temple_elliptical

Skill      XL: |  1  2  3  4  5  6  7  8  9 10 |
---------------+-------------------------------+-----
Stealth        | 3 4 5 |  5.0
Conjurations   | 2 3 4 5 6 |  6.9
Fighting       | 1 2 3 4 5 |  5.3
Fire Magic     | 4 5 6 7 |  7.6
Ranged Weapons | 1 2 3 5 |  5.4
Dodging        | 3 4 5 |  5.7
Spellcasting   | 3 4 |  4.9
Translocations | 1 2 3 4 |  4.7

Action                     |  1- 3 |  4- 6 |  7- 9 | 10-12 || total
---------------------------+-------+-------+-------+-------++-------
  Melee: Unarmed           |     5 |       |       |       ||     5
         Constrict         |     7 |     9 |     5 |     1 ||    22
         Tentacles         |     6 |     7 |     5 |     1 ||    19
         Short sword       |     4 |       |       |       ||     4
         Long sword        |    18 |    31 |     2 |       ||    51
         Dagger            |       |       |    21 |     6 ||    27
   Fire: Longbow           |       |       |       |    40 ||    40
   Cast: Foxfire           |    32 |    50 |    78 |    16 ||   176
         Scorch            |     5 |    14 |    45 |     7 ||    71
         Volatile Blastmot |       |       |     9 |     3 ||    12
         Flame Wave        |       |       |     6 |     9 ||    15
         Teleport Other    |       |       |       |     2 ||     2
         Gell's Gravitas   |       |       |       |     1 ||     1
  Evoke: Wand              |       |       |       |     6 ||     6
    Use: Scroll            |       |       |     9 |     2 ||    11
         Potion            |       |       |     1 |     2 ||     3
   Stab: Sleeping          |     6 |     7 |     2 |       ||    15
 Armour: Skin              |     7 |    15 |    29 |    47 ||    98
  Dodge: Dodged            |    10 |    24 |    35 |    35 ||   104
  Block: Other             |       |     5 |    16 |    10 ||    31
         Reflection        |       |     1 |     5 |     2 ||     8
